Map: The Vermillion Problem

Players

MattBarry

  • Race: Protoss Protoss
  • Spawn Location: 11:00

Alebay

  • Race: Protoss Protoss
  • Spawn Location: 11:00

VOD

Have the link to the VOD?

Description

Time

  • Played on: Jan. 5, 2023, 1:05 a.m.
  • Length: 32:10
Show
View Real Time Build Order
Export as new Build Order

MattBarry Protoss 

Build Orders:  

Get SALT Encoding   

  12  0:06  Probe (Chrono Boost)  
  13  0:20  Probe (Chrono Boost)  
  14  0:34  Probe (Chrono Boost)  
  14  0:38  Pylon  
  15  1:00  Assimilator  
  15  1:02  Probe (Chrono Boost)  
  16  1:16  Probe (Chrono Boost)  
  17  1:30  Probe (Chrono Boost)  
  18  1:44  Probe (Chrono Boost)  
  19  1:58  Probe (Chrono Boost)  
  20  2:12  Probe (Chrono Boost)  
  20  2:19  Gateway  
  21  2:24  Forge  
  21  2:26  Probe (Chrono Boost)  
  21  2:28  Assimilator  
  17  2:40  Probe (Chrono Boost)  
  23  2:57  Pylon  
  23  3:21  Probe (Chrono Boost)  
  23  3:22  Protoss Air Weapons Level 1, Protoss Ground Weapons Level 1  
  24  3:30  Cybernetics Core  
  24  3:34  Pylon  
  24  3:35  Probe (Chrono Boost)  
  25  4:15  Pylon  
  25  4:37  Warp Gate  
  25  4:49  Gateway  
  25  4:51  Gateway  
  25  4:54  Supplicant x2  
  25  4:57  Gateway  
  33  5:50  Probe (Chrono Boost)  
  34  6:04  Protoss Shields Level 1, Probe (Chrono Boost)  
  35  6:18  Probe (Chrono Boost)  
  35  6:19  Gateway  
  36  6:22  Gateway  
  36  6:38  Slayer x2  
  36  6:39  Slayer x2  
  44  6:49  Death Council  
  44  6:56  Robotics Facility  
  44  7:02  Probe (Chrono Boost)  
  45  7:16  Probe (Chrono Boost)  
  46  7:25  Pylon  
  46  7:26  Pylon  
  46  8:04  Blood Shields  
  46  8:10  Supplicant x4  
  46  8:12  Supplicant x2  
  46  8:16  Slayer  
  60  9:04  Phase Blink  
  50  10:09  Vanguard  
  52  10:22  Slayer  
  52  10:23  Slayer  
  52  10:26  Supplicant x2  
  60  11:33  Nexus  
  60  11:49  Protoss Air Weapons Level 2, Protoss Ground Weapons Level 2  
  60  11:55  Pylon  
  60  11:58  Pylon  
  60  12:01  Forge  
  60  12:02  Probe (Chrono Boost)  
  60  12:04  Pylon  
  60  12:08  Pylon  
  61  12:20  Vanguard  
  61  12:24  Slayer x2  
  69  12:53  Robotics Facility  
  69  12:56  Robotics Facility  
  69  13:00  Assimilator  
  69  13:06  Assimilator  
  69  13:15  Vanguard  
  69  13:18  Probe (Chrono Boost)  
  74  13:32  Probe (Chrono Boost)  
  71  13:46  Probe (Chrono Boost)  
  72  13:55  Slayer x2  
  72  13:56  Slayer  
  78  14:00  Probe (Chrono Boost)  
  79  14:10  Vanguard  
  79  14:14  Probe (Chrono Boost)  
  84  14:56  Protoss Shields Level 2  
  84  15:04  Robotics Bay  
  84  15:05  Vanguard  
  88  15:12  Probe (Chrono Boost)  
  89  15:24  Gateway  
  89  15:25  Gateway  
  89  15:26  Probe (Chrono Boost)  
  89  15:27  Gateway  
  90  15:36  Vanguard  
  94  15:40  Vanguard, Probe (Chrono Boost)  
  99  15:53  Pylon  
  99  15:54  Probe (Chrono Boost)  
  99  15:57  Pylon  
  100  16:07  Probe (Chrono Boost)  
  97  16:32  Photon Cannon  
  97  16:37  Photon Cannon  
  97  16:46  Photon Cannon  
  97  16:51  Photon Cannon  
  97  16:52  Photon Cannon  
  94  17:08  Vanguard x2  
  101  18:36  Pylon  
  101  18:43  Probe (Chrono Boost)  
  102  18:57  Probe (Chrono Boost)  
  103  19:09  Slayer x2  
  107  19:10  Slayer  
  107  19:11  Probe (Chrono Boost)  
  107  19:14  Slayer  
  112  19:25  Probe (Chrono Boost)  
  113  19:39  Probe (Chrono Boost)  
  113  21:09  Robotics Bay  
  113  21:31  Probe (Chrono Boost)  
  114  21:45  Probe (Chrono Boost)  
  115  21:50  Pylon  
  115  21:59  Probe (Chrono Boost)  
  116  22:13  Probe (Chrono Boost)  
  117  22:27  Probe (Chrono Boost)  
  90  23:27  Aerial Tracking  
  90  23:41  Robotics Facility  
  90  23:45  Robotics Facility  
  90  24:37  Wraithwalker x2  
  90  24:49  Wraithwalker  
  108  25:00  Protoss Ground Weapons Level 3, Protoss Air Weapons Level 3  
  107  26:12  Fusion Mortars  
  107  28:22  Pylon  
  107  28:25  Pylon  
  107  28:29  Slayer  
  109  28:30  Slayer  
  109  28:31  Slayer x3  
  109  28:32  Slayer  
Show
View Real Time Build Order
Export as new Build Order

Alebay Protoss 

Build Orders:  

Get SALT Encoding   

  12  0:02  Probe (Chrono Boost)  
  13  0:16  Probe (Chrono Boost)  
  14  0:27  Pylon  
  14  0:30  Probe (Chrono Boost)  
  15  0:49  Assimilator  
  15  0:51  Probe (Chrono Boost)  
  16  1:05  Probe (Chrono Boost)  
  16  1:09  Gateway  
  17  1:19  Probe (Chrono Boost)  
  18  1:32  Pylon  
  18  1:33  Probe (Chrono Boost)  
  19  1:43  Forge  
  19  1:47  Probe (Chrono Boost)  
  20  2:01  Probe (Chrono Boost)  
  21  2:15  Probe (Chrono Boost)  
  21  2:19  Cybernetics Core  
  22  2:22  Assimilator  
  22  2:28  Probe (Chrono Boost)  
  23  2:35  Legionnaire  
  26  2:42  Probe (Chrono Boost)  
  27  2:56  Probe (Chrono Boost)  
  27  2:59  Pylon  
  28  3:10  Probe (Chrono Boost)  
  28  3:15  Protoss Ground Weapons Level 1  
  29  3:24  Probe (Chrono Boost)  
  29  3:27  Legionnaire  
  33  3:32  Warp Gate  
  33  3:40  Kaldalis' A.I. Personality  
  33  4:10  Pylon  
  33  4:13  Pylon  
  33  4:43  Gateway  
  33  4:45  Gateway  
  33  4:48  Twilight Council  
  33  4:53  Legionnaire  
  36  5:17  Legionnaire  
  39  5:22  Talis' A.I. Personality  
  39  5:41  Charge  
  39  5:52  Legionnaire  
  39  5:55  A Strong Heart  
  42  6:11  Protoss Ground Armor Level 1  
  42  6:22  Probe (Chrono Boost)  
  43  6:35  Adept  
  43  6:36  Adept x2  
  49  6:41  Empowered Blades  
  49  7:05  Adept x3  
  55  7:16  Pylon  
  55  7:17  Pylon  
  55  7:41  Psionic Projection  
  55  8:06  Legionnaire x2  
  55  8:07  Legionnaire  
  64  8:41  Debilitation System  
  64  8:58  Adept x3  
  70  9:40  Nexus  
  70  9:43  Pylon  
  70  9:46  Pylon  
  70  9:50  Pylon  
  70  9:54  Assimilator  
  70  10:23  Probe (Chrono Boost)  
  71  10:48  Gateway  
  71  10:49  Gateway  
  71  10:59  Photon Cannon  
  71  11:00  Photon Cannon  
  71  11:16  Probe (Chrono Boost)  
  72  11:29  Probe (Chrono Boost)  
  72  11:30  Probe (Chrono Boost)  
  74  11:43  Probe (Chrono Boost)  
  74  11:44  Probe (Chrono Boost)  
  74  11:49  Legionnaire x3  
  85  11:57  Probe (Chrono Boost)  
  85  11:58  Probe (Chrono Boost)  
  84  12:13  Adept x3  
  84  12:14  Adept x2  
  94  12:20  Probe x2 (Chrono Boost)  
  85  13:16  Probe (Chrono Boost)  
  86  13:30  Probe (Chrono Boost)  
  86  13:37  Adept  
  86  13:38  Adept x4  
  97  13:44  Probe (Chrono Boost)  
  98  13:58  Probe (Chrono Boost)  
  98  14:02  Legionnaire x5  
  109  14:12  Probe (Chrono Boost)  
  110  14:34  Assimilator  
  110  14:41  Pylon  
  110  14:42  Pylon  
  110  14:45  Pylon  
  110  14:48  Pylon  
  110  15:05  Probe x2 (Chrono Boost)  
  112  15:19  Probe x2 (Chrono Boost)  
  114  15:33  Probe x2 (Chrono Boost)  
  114  15:34  Adept x3  
  114  15:35  Adept x2  
  114  15:39  Photon Cannon  
  126  15:41  Photon Cannon  
  126  15:44  Photon Cannon  
  119  15:58  Legionnaire x3  
  119  15:59  Legionnaire x2  
  126  16:32  Photon Cannon  
  126  16:35  Photon Cannon  
  126  16:38  Photon Cannon  
  126  16:51  Pylon  
  126  16:53  Pylon  
  126  16:55  Pylon  
  126  17:27  Protoss Ground Weapons Level 2  
  126  17:41  Photon Cannon  
  126  17:46  Photon Cannon  
  126  18:05  Probe x2 (Chrono Boost)  
  128  18:19  Probe x2 (Chrono Boost)  
  110  18:27  Legionnaire x2  
  110  18:28  Legionnaire x3  
  127  18:33  Probe x2 (Chrono Boost)  
  123  18:47  Probe (Chrono Boost)  
  124  18:57  Legionnaire x3  
  124  18:58  Legionnaire x2  
  139  19:22  Legionnaire x3  
  139  19:23  Legionnaire  
  151  19:39  Pylon  
  145  19:41  Pylon  
  145  19:44  Pylon  
  133  20:28  Probe (Chrono Boost)  
  134  20:37  Protoss Ground Armor Level 2  
  134  20:44  Legionnaire x5  
  105  22:22  Legionnaire x2  
  105  22:23  Legionnaire x3  
  120  22:33  Gateway  
  120  22:35  Gateway  
  120  22:39  Gateway  
  120  22:40  Gateway  
  74  24:37  Legionnaire x2  
  74  24:38  Legionnaire x5  
  74  24:39  Legionnaire x2  
  98  25:00  Protoss Ground Weapons Level 3  
  98  25:09  Legionnaire  
  101  25:10  Legionnaire x5  
  101  25:11  Legionnaire x2  
  101  25:12  Legionnaire  
  95  25:42  Legionnaire x3  
  95  25:43  Legionnaire x6  
  98  26:20  Legionnaire x2  
  98  26:21  Legionnaire x5  
  98  26:22  Legionnaire x2  
  122  26:34  Probe x2 (Chrono Boost)  
  124  26:48  Probe x2 (Chrono Boost)  
  126  27:02  Probe (Chrono Boost)  
  126  28:13  Legionnaire x4  
  126  28:14  Legionnaire x5  
  153  28:39  Adept x2  
  154  28:40  Adept x5  
  154  28:41  Adept x2  
  167  29:04  Legionnaire x5  
  167  29:05  Legionnaire  
  179  29:53  Probe (Chrono Boost)  
  179  29:57  Adept  
  179  29:58  Adept x3  
  179  29:59  Adept  
  190  30:09  Pylon  
  190  30:11  Pylon  
  190  30:33  Probe (Chrono Boost)  
  191  30:47  Probe (Chrono Boost)  
  183  31:01  Probe (Chrono Boost)  
  174  31:15  Probe (Chrono Boost)  
Tags
 
Add a new tag
Caveats
  • Supply blocks, unpowered buildings, or Contaminate may cause inaccurate times.
  • Supply counts are checked every 10 seconds.